 Dungeon Crawl Stone Soup version 0.17-a0-1430-g49fde19 (webtiles) character file.

88 urechis the Sneak (level 4, 0/24 HPs)
             Began as a Vine Stalker Monk on June 25, 2015.
             Slain by an ogre
             ... wielding a +0 giant club
              (14 damage)
             ... on level 2 of the Dungeon.
             The game lasted 00:02:35 (1157 turns).

urechis the Sneak (Vine Stalker Monk)               Turns: 1157, Time: 00:02:35

Health: 0/24       AC:  5    Str: 14    XL:     4   Next: 53%
Magic:  0/5        EV: 12    Int: 10    God:
Gold:   69         SH:  0    Dex: 17    Spells: 0 memorised, 3 levels left

rFire  . . .     SeeInvis .       - Unarmed
rCold  . . .     Clarity  .     g - +0 leather armour
rNeg   . . .     SustAt   .     (no shield)
rPois  .         Gourm    .     (no helmet)
rElec  .         Spirit   +     (no cloak)
rCorr  .         Warding  .     p - +0 pair of gloves
rMut   .         Stasis   .     m - +0 pair of boots (curse)
MR     .....                    (no amulet)
Stlth  +++.......               (no ring)
                                (no ring)

@: not resistant to hostile enchantments, fairly stealthy
A: fangs 2, regeneration 1, magic shield, antimagic bite, no device heal 3, rot
immunity
a: no special abilities


You were on level 2 of the Dungeon.
You were hungry.

You visited 1 branch of the dungeon, and saw 2 of its levels.

You collected 69 gold pieces.

Inventory:

Armour
 g - a +0 leather armour (worn)
 m - a cursed +0 pair of boots (worn)
 p - a +0 pair of gloves (worn)
Jewellery
 n - an uncursed ring of protection from fire {unknown}
 o - a cursed ring of teleportation {unknown}
Scrolls
 e - a scroll of blinking {unknown}
 h - a scroll of remove curse {unknown}
 l - a scroll of teleportation {unknown}
Potions
 c - a potion of curing {unknown}
 d - a potion of heal wounds
 i - a potion of invisibility {unknown}
 j - a potion of magic {unknown}
Comestibles
 a - a slice of pizza
 b - 3 bread rations
 f - 2 meat rations
 k - 2 fruits


   Skills:
 + Level 3.3 Fighting
 - Level 2.4 Dodging
 * Level 4.6 Stealth
 + Level 4.4 Unarmed Combat


You had 3 spell levels left.
You didn't know any spells.

Dungeon Overview and Level Annotations

Branches:
Dungeon (2/15)

Altars:


Innate Abilities, Weirdness & Mutations

You have extremely sharp teeth.
Your natural rate of healing is unusually fast.
When hurt, damage is shared between your health and your magic reserves.
Your bite disrupts and absorbs the magic of your enemies.
Potions and wands cannot restore your health.
You are immune to rotting.


Message History

The gnoll barely misses you.
You barely miss the gnoll. Your bite misses the gnoll.
The gnoll is moderately wounded.
The gnoll barely misses you.
You hit the gnoll but do no damage.
The gnoll is moderately wounded.
The gnoll hits you with a whip.
You hit the gnoll but do no damage. You bite the gnoll, but do no damage.
The gnoll is moderately wounded.
The gnoll barely misses you.
You hit the gnoll. Your punch misses the gnoll.
The gnoll is severely wounded.
The gnoll hits you but does no damage.
You hit the gnoll.
You kill the gnoll!
You hit the ogre.
The ogre is moderately wounded.
The ogre hits you with a giant club!
Ouch! That really hurt!
You die...

##.....# #####.......#.###.
##.....# #.#####.#..... ##.....#
####.# #.####.. ##.....#
##....#####.####.. ##.....#
#♣♣#..♣..##§§♣<...... ##.....#
#....#......P§..####. ########
#P.♣P.P....♣P§P....#( #
♣.P.#♣.♣♣...§♣§♣##.#. ##
♣♣P#@#♣.♣♣.♣§P..##.#. .#
♣##O##♣..♣♣§♣♣♣...#. .########
##♣♣ .!.#.♣........#...
........###..♣##.##.P♣♣♣♣..P.....
...............#+#.......♣♣.#...#
........####.♣♣♣#.♣♣.♣♣♣...##...#
........# #.♣.....♣.♣....#†.....
........#####.♣P..♣.P.♣...#...###
..........##.P♣♣♣...♣.♣♣♣P♣(.##


You could see an ogre.

Vanquished Creatures
  A gnoll (D:2)
  4 river rats (D:2)
  2 giant geckos
  A giant cockroach (D:2)
  14 hobgoblins
  5 bats
  A giant newt (D:2)
  5 goblins
  4 kobolds
  4 rats
41 creatures vanquished.

Notes
Turn   | Place    | Note
--------------------------------------------------------------
     0 | D:1      | urechis the Vine Stalker Monk began the quest for the Orb.
     0 | D:1      | Reached XP level 1. HP: 11/11 MP: 2/2
   180 | D:1      | Reached XP level 2. HP: 16/16 MP: 1/3
   427 | D:1      | Reached XP level 3. HP: 14/19 MP: 4/4
   759 | D:2      | Found a faded altar to an unknown god.
   861 | D:2      | Reached XP level 4. HP: 16/24 MP: 5/5
  1148 | D:2      | Noticed an ogre
  1157 | D:2      | Slain by an ogre

Vault maps used:
D:1:      evilmike_arrival_hilbert_curve
D:2:      wad_woods_tower, ecumenical_altar_1, first_bread

Action                   |  1- 3 |  4- 6 || total
-------------------------+-------+-------++-------
Melee: Unarmed           |   122 |    42 ||   164
 Stab: Sleeping          |     6 |     1 ||     7
